 Dungeon Crawl Stone Soup version 0.31-a0-833-gc15d34cb79 (webtiles) character file.

Game seed: 1463498551567688725

1485 TheScarfBastard the Chopper (level 8, 0/70 HPs)
             Began as a Red Draconian Berserker on Sept 25, 2023.
             Was an Elder of Trog.
             Succumbed to a killer bee's poison
             ... on level 6 of the Dungeon.
             The game lasted 00:15:02 (4662 turns).

TheScarfBastard the Chopper (DrBe)                  Turns: 4662, Time: 00:15:02

Health: 0/70       AC:  8    Str: 22    XL:     8   Next: 50%
Magic:  8/8        EV: 13    Int:  7    God:    Trog [****..]
Gold:   129        SH:  4    Dex: 11    Spells: 7/7 levels left

rFire   + + .        l - +2 hand axe (venom)
rCold   . . .        y - +0 buckler
rNeg    . . .        (body armour unavailable)
rPois   .            (helmet restricted)
rElec   .            s - +0 cloak of Serghaista {rF+ rCorr}
rCorr   +            (no gloves)
SInv    .            t - +0 pair of boots
Will    .....        u - amulet of faith
Stlth   ++           (no ring)
HPRegen 0.31/turn    (no ring)
MPRegen 0.11/turn

%: faith
@: lethally poisoned (0 -> -3), on berserk cooldown, slowed, very slow
A: breathe fire, AC +6, unfitting armour, fire resistance 1, cold-blooded
a: Breathe Fire, Renounce Religion, Berserk, Trog's Hand, Brothers in Arms


You were on level 6 of the Dungeon.
You worshipped Trog.
Trog was greatly pleased with you.
You visited 1 branch of the dungeon, and saw 6 of its levels.

You collected 394 gold pieces.
You spent 265 gold pieces at shops.

Inventory:

Hand Weapons
 a - a +0 hand axe
 c - a +2 flail of protection
 l - a +2 hand axe of venom (weapon)
 v - a +1 short sword of venom
 w - a +2 heavy flail
 x - a +2 trident of pain
Missiles
 g - a throwing net
Armour
 f - a +0 cloak
 s - the +0 cloak of Serghaista (worn) {rF+ rCorr}
   (You bought it in a shop on level 5 of the Dungeon)

   rF+:       It protects you from fire.
   rCorr:     It protects you from acid and corrosion.
 t - a +0 pair of boots (worn)
 y - a +0 buckler (worn)
Jewellery
 u - an amulet of faith (around neck)
Wands
 n - a wand of digging (8)
Scrolls
 e - a scroll of silence {unknown}
 h - a scroll of amnesia {unknown}
 j - a scroll of vulnerability
 p - a scroll of poison
 z - a scroll of enchant weapon {unknown}
 A - a scroll of identify
Potions
 b - 2 potions of berserk rage
 d - 2 potions of might {unknown}
 i - 5 potions of curing {unknown}
 k - 2 potions of degeneration {unknown}
 m - a potion of brilliance {unknown}
 o - a potion of ambrosia
 q - a potion of cancellation {unknown}
 r - a potion of haste {unknown}


   Skills:
 + Level 5.8 Fighting
 + Level 6.7(7.3) Axes
 + Level 4.1(6.0) Maces & Flails
 + Level 5.1 Dodging
 + Level 2.8 Stealth
 + Level 1.6 Shields


You had 7 spell levels left.
You didn't know any spells.
Your spell library was empty.

Dungeon Overview and Level Annotations

Branches:
Dungeon (6/15)             Temple (0/1) D:4

Altars:
Kikubaaqudgha
Trog
Wu Jian
Yredelemnul
Zin

Shops:
D:3 [   D:5 [   D:6 (

Annotations:
D:6 1 transporter, HilariousDeathArtist's ghost, novice HuCK


Innate Abilities, Weirdness & Mutations

You can breathe blasts of fire.
Your fiery red scales are hard. (AC +6)
You cannot fit into any form of body armour.
Your flesh is heat resistant. (rF+)
You are cold-blooded and may be slowed by cold attacks.


Message History

The killer bee stings you but does no damage.
Unknown command.
You barely miss HilariousDeathArtist's ghost.
You feel sick.
You slash HilariousDeathArtist's ghost!
HilariousDeathArtist's ghost is lightly damaged.
You feel sick.
You hit HilariousDeathArtist's ghost.
Your tail-slap misses HilariousDeathArtist's ghost.
HilariousDeathArtist's ghost is lightly damaged.
You miss the killer bee.
You feel sick. The killer bee stings you.
* * * LOW HITPOINT WARNING * * *
HilariousDeathArtist's ghost hits you!
* * * LOW HITPOINT WARNING * * *
You miss the killer bee.
Your tail-slap misses the killer bee.
You barely miss HilariousDeathArtist's ghost.
You feel sick. The killer bee misses you. The killer bee stings you.
* * * LOW HITPOINT WARNING * * *
HilariousDeathArtist's ghost hits you but does no damage.
Unknown command.
You are too berserk!
You slash the killer bee!
The killer bee is poisoned.
The killer bee is severely wounded.
You hit HilariousDeathArtist's ghost but do no damage.
The killer bee stings you.
* * * LOW HITPOINT WARNING * * *
Unknown command.
Unknown command.
Unknown command.
You completely miss HilariousDeathArtist's ghost.
The killer bee buzzes angrily.
Your tail-slap misses HilariousDeathArtist's ghost.
HilariousDeathArtist's ghost is lightly damaged.
You slash the killer bee!
You kill the killer bee!
Trog accepts your kill.
You are no longer berserk.
You are exhausted.
You feel yourself slow down.
You die...

#.....#####$?y$.#####..#.##.#
###..###.#.#.y.#yy.###...##.#
#..##..#..###..#..##.####.#
#..###...# ..#.W.###.####.#
#...# ###.!#..#####.......#
#..###.#.#...#...###.######
#..##..#.y###..#..##.#
#..###...#W..#...###.#
#...#####†@©..#####..#
.##....#############..##
.........#.......©.......##
.###..............####.###
.....>.###.####### #.#
######## #.# #.# #.# #.#
#.##########.# #............#


You could see a killer bee and HilariousDeathArtist's ghost.

Vanquished Creatures
  Eustachio (D:6)
  A water moccasin (D:6)
  2 centaurs (D:6)
  A phantom (D:5)
  Blork the orc (D:6)
  A gnoll sergeant (D:5)
  2 scorpions
  5 killer bees (D:6)
  4 orc priests
  A jelly (D:4)
  4 iguanas
  5 orc wizards
  4 gnolls (D:2)
  6 adders
  A white imp (D:6)
  A worm (D:2)
  5 dart slugs
  25 orcs
  6 ball pythons
  7 bats
  4 endoplasms
  4 giant cockroaches
  5 goblins
  3 hobgoblins (D:1)
  2 jackals (D:1)
  2 quokkas
  5 frilled lizards
  4 kobolds
  4 rats
116 creatures vanquished.

Notes
Turn   | Place    | Note
-------+----------+-------------------------------------------
     0 | D:1      | TheScarfBastard the Draconian Berserker began the quest for
                  | the Orb.
     0 | D:1      | Reached XP level 1. HP: 19/19 MP: 1/1
   150 | D:1      | Reached XP level 2. HP: 26/26 MP: 2/2
   280 | D:1      | Identified a scroll of acquirement
   281 | D:1      | Acquired a +2 flail of protection
   356 | D:1      | Reached ** piety under Trog
   357 | D:1      | Reached XP level 3. HP: 33/33 MP: 3/3
   608 | D:2      | Reached skill level 1 in Maces & Flails
   793 | D:2      | Reached XP level 4. HP: 20/40 MP: 4/4
   801 | D:2      | HP: 1/40 [gnoll/+0 flail (7)]
  1063 | D:3      | Noticed a scorpion
  1068 | D:3      | Killed a scorpion
  1069 | D:3      | Reached XP level 5. HP: 46/46 MP: 5/5
  1414 | D:3      | Found Akhaif's Antique Armour Emporium.
  1618 | D:3      | Found an ornate altar of the Wu Jian Council.
  1619 | D:3      | Found a bloodstained altar of Trog.
  1621 | D:3      | Found a basalt altar of Yredelemnul.
  1622 | D:3      | Found an ancient bone altar of Kikubaaqudgha.
  1628 | D:3      | Found a glowing silver altar of Zin.
  2101 | D:4      | Reached *** piety under Trog
  2102 | D:4      | Reached XP level 6. HP: 47/53 MP: 6/6
  2108 | D:4      | Found a staircase to the Ecumenical Temple.
  2322 | D:4      | Reached skill level 1 in Stealth
  3096 | D:5      | Entered Level 5 of the Dungeon
  3096 | D:5      | Found Getociss's Antique Armour Boutique.
  3101 | D:5      | Bought a scorched cloak for 180 gold pieces
  3101 | D:5      | Identified the +0 cloak of Serghaista {rF+ rCorr} (You
                  | bought it in a shop on level 5 of the Dungeon)
  3101 | D:5      | Bought a pair of boots for 85 gold pieces
  3365 | D:5      | Reached skill level 4 in Axes
  3372 | D:5      | Your scales start taking on a fiery red colour.
  3372 | D:5      | Reached XP level 7. HP: 53/60 MP: 7/7
  3372 | D:5      | Gained mutation: Your flesh is heat resistant. (rF+) [Red
                  | Draconian growth]
  3484 | D:5      | Reached skill level 5 in Fighting
  4174 | D:6      | Noticed Eustachio
  4174 | D:6      | Noticed Blork the orc
  4182 | D:6      | Killed Blork the orc
  4183 | D:6      | Reached skill level 5 in Axes
  4189 | D:6      | Killed Eustachio
  4192 | D:6      | Reached XP level 8. HP: 69/69 MP: 8/8
  4271 | D:6      | Reached skill level 6 in Axes
  4271 | D:6      | Reached skill level 1 in Shields
  4336 | D:6      | Found Nufuniatz's Antique Weapon Emporium.
  4392 | D:6      | Found a transporter.
  4394 | D:6      | Found a transporter.
  4400 | D:6      | Noticed HilariousDeathArtist's ghost (novice HuCK)
  4608 | D:6      | Reached **** piety under Trog
  4647 | D:6      | Reached skill level 5 in Dodging
  4660 | D:6      | HP: 3/105 [killer bee (5)]
  4661 | D:6      | HP: 1/105 [killer bee (3)]
  4662 | D:6      | Succumbed to a killer bee's poison

Illustrated notes

Levels and vault maps discovered:
D:1:      dpeg_arrival_rhombus, layout_basic
D:2:      layout_rooms
D:3:      layout_rooms, minitemple, serial_corexii_hall,
          chequers_hall_statues_corner_a, chequers_hall_statues_corner_a,
          corexii_hall_statues_l, serial_shops, shop, minmay_misc_feat_tower,
          grunt_decor_fettered, chequers_serial_rivers_large_a
D:4:      layout_basic, minmay_temple_entry_overgrown, minivault_23
D:5:      kennysheep_spiral_hall, layout_basic, serial_shops,
          nicolae_stop_n_shop_2
D:6:      layout_loops_ring, serial_shops, nicolae_shop_behind_doors,
          gammafunk_ghost_hive, serial_bayou_pond_b, minmay_misc_feat_room,
          chequers_serial_rivers_small_b, uniq_grinder, uniq_eustachio,
          uniq_blork_the_orc

Skill      XL: |  1  2  3  4  5  6  7  8 |
---------------+-------------------------+-----
Dodging        | 3 4 5 |  5.1
Maces & Flails | 1 2 3 4 |  4.1
Fighting       | 4 5 |  5.8
Stealth        | 1 2 |  2.8
Axes           | 4 5 6 |  6.7
Shields        | 1 |  1.6

Action                     |  1- 3 |  4- 6 |  7- 9 || total
---------------------------+-------+-------+-------++-------
  Melee: Hand axe          |    37 |    65 |    86 ||   188
         Tailslap          |     5 |     5 |    11 ||    21
         Flail             |    62 |    30 |       ||    92
 Invoke: Berserk           |     1 |     4 |     3 ||     8
Ability: Breathe Fire      |       |       |     4 ||     4
    Use: Scroll            |     5 |     3 |     3 ||    11
         Potion            |       |     1 |       ||     1
   Stab: Sleeping          |       |       |     1 ||     1
 Armour: Skin              |    91 |    75 |    63 ||   229
  Dodge: Dodged            |   110 |    62 |    66 ||   238
  Block: Buckler           |       |       |    19 ||    19

Table legend: (Time is in decaauts)
 A = Elapsed time spent in this place.
 B = Non-inter-level travel time spent in this place.
 C = Inter-level travel time spent in this place.
 D = Time resting spent in this place.
 E = Time spent auto-exploring this place.
 F = Levels seen in this place.
 G = Mean time per level.
                   A        B        C        D        E       F      G
               +--------+--------+--------+--------+--------+-----+--------+
         Total |   4771 |   4624 |    147 |      0 |   3320 |   6 |  795.2 |
       Dungeon |   4771 |   4624 |    147 |      0 |   3320 |   6 |  795.2 |
               +--------+--------+--------+--------+--------+-----+--------+

Top non-repeatable levels by time:
     D:4: 1180 daAuts
     D:5: 1096 daAuts
     D:3: 891 daAuts
     D:2: 633 daAuts
     D:6: 503 daAuts
     D:1: 465 daAuts
